[Event "*** Titled Tuesday Blitz"]
[Site "Chess.com"]
[Date "2018.06.05"]
[Round "1"]
[White "Alexander_Moskalenko"]
[Black "GameOverBro"]
[Result "1-0"]
[WhiteElo "2774"]
[BlackElo "2401"]
[TimeControl "180+2"]
[EndTime "13:10:48 PDT"]
[Termination "Alexander_Moskalenko won by resignation"]

1. e4 d6 2. d4 Nf6 3. Nc3 e5 4. dxe5 dxe5 5. Qxd8+ Kxd8 6. Bc4 Ke8 7. Nf3 Bd6 8. Bg5 c6 9. O-O-O Bc7 10. a4 a5 11. Nd2 Nbd7 12. f3 h6 13. Bh4 g5 14.
Bg3 Nh5 15. Rhe1 Nb6 16. Bf2 Nf4 17. Bf1 Be6 18. g3 Ng6 19. Nb3 Nd7 20. Nc5 Nxc5 21. Bxc5 b6 22. Be3 Ke7 23. Nb1 Rhd8 24. Na3 f6 25. b3 Rxd1+ 26. Rxd1 Rb8 27. Kb2 h5 28. Nc4 h4 29. Be2 Bxc4 30. Bxc4 hxg3 31. hxg3 Rh8 32. Rd2 Rh3 33. Bf2 Nf8 34. Bf1 Rh1 35. Ba6 c5 36. Bc8 Bd6 37. c3 Rf1 38. Bh3 Rh1 39. Bg4 Rf1 40. Kc2 Ra1 41. Kd3 Kd8 42. Kc4 Kc7 43.
Bf5 Rf1 44. Kb5 Rb1 45. Kc4 Rf1 46. Kd3 Rb1 47. Kc2 Rf1 48. Bh3 Rh1 49. Bg2 Rh2 50. Bg1 Rh7 51. Kd3 Rg7 52. Bh3 Rh7 53. Bg4 Rh1 54. Rd1 Kc6 55. Ke2 Ng6 56. Be6 Ne7 57. Kf2 Rh8 58. Kg2 Rb8 59. Bc4 Bc7 60. Be3 Rd8 61. Rh1 Rd6 62. Kf2 Ng6 63. Bd5+ Kd7 64. Rh7+ Ne7 65. Ke2 Bd8 66. Bc4 Kc7 67. Bb5 Re6 68.
Kd3 Rd6+ 69. Kc2 Re6 70. Rf7 Rd6 71. f4 gxf4 72. gxf4 Re6 73. f5 Rd6 74. Bh6 Kc8 75. Bg7 Ng8 76. Bc4 Ne7 77. Bxf6 Nc6 78. Bg7 Ne7 79. Be6+ Kb8 80. Bxe5 1-0

[Event "*** Titled Tuesday Blitz"]
[Site "Chess.com"]
[Date "2018.06.05"]
[Round "1"]
[White "CarlssonLudvig"]
[Black "Jungle_Jaguar"]
[Result "0-1"]
[WhiteElo "2076"]
[BlackElo "2466"]
[TimeControl "180+2"]
[EndTime "13:10:51 PDT"]
[Termination "Jungle_Jaguar won by resignation"]

1. e4 e5 2. Nf3 Nc6 3. Nc3 Nf6 4.
Bb5 d6 5. d4 exd4 6. Nxd4 Bd7 7. O-O Be7 8. Be3 O-O 9. f3 Re8 10. Nxc6 bxc6 11. Bc4 c5 12. Qd2 Rb8 13. b3 Qc8 14.
Rad1 Be6 15. Nd5 Nxd5 16. Bxd5 c6 17. Bxe6 Qxe6 18. c4 Rbd8 19. Bf4 Bf6 20. Rfe1 Bd4+ 21. Be3 Bxe3+ 22. Qxe3 g6 23. Qf2 Qf6 24. Rd3 Re6 25.
Red1 Rde8 26. Qg3 Rd8 27. Qf2 Re7 28. Qg3 Re6 29. Qf2 h5 30. Qd2 Kg7 31. Qc3 Qxc3 32.
Rxc3 Kf6 33. Kf2 Re7 34. Rcd3 Ke6 35. Ke3 a5 36. h3 a4 37. g4 hxg4 38. hxg4 axb3 39.
axb3 g5 40. Rh1 Rb7 41. Rh6+ f6 42. f4 gxf4+ 43. Kxf4 Rg8 44. g5 Rf7 45. Rxf6+ Rxf6+ 46. gxf6 Rg6 47. f7 Rf6+ 48. Ke3 Rxf7 49. Rd2 Rb7 50. Rd3 Ra7 51. Rd2 Ra3 52. Rd3 Ke5 53.
Rc3 Ra2 54. Rd3 Rb2 55. Rc3 Rb1 56. Kd3 Re1 57. Rc2 Rxe4 58. Rh2 Rf4 59. Rh6 Rf6 60.
Rh5+ Rf5 61. Rh3 d5 62. Re3+ Kd6 63. cxd5 cxd5 64. Rh3 Kc6 65. Kc3 Kb5 66. Rd3 d4+ 67. Kb2 Kb4 68. Rh3 Rf2+ 69. Kc1 Re2 70. Rh5 Re3 71. Kc2 Rc3+ 72. Kd2 Rxb3 73. Rh8 Kc4 74. Rc8 Rb2+ 75. Kc1 Rh2 76. Rc7 Kb4 77. Rb7+ Kc3 78. Kb1 d3 79. Rc7 c4 80. Rd7 d2 0-1

[Event "*** Titled Tuesday Blitz"]
[Site "Chess.com"]
[Date "2018.06.05"]
[Round "1"]
[White "NormWeinstein"]
[Black "BogdanDeac"]
[Result "1-0"]
[WhiteElo "2371"]
[BlackElo "2676"]
[TimeControl "180+2"]
[EndTime "13:10:52 PDT"]
[Termination "NormWeinstein won on time"]

1. e4 c5 2. Nf3 a6 3. Nc3 b5 4. d4 cxd4 5. Nxd4 Bb7 6. Bd3 g6 7. O-O Bg7 8. Be3 e6 9. Qd2 Ne7 10.
Rad1 O-O 11. a3 d5 12. exd5 Nxd5 13. Bg5 Qb6 14. Nxd5 Bxd5 15. c3 Bxd4 16. cxd4 Qxd4 17. Qc1 Qh8 18. Qc7 Nc6 19. Qf4 Qd4 20. Qg3 Qxb2 21.
Rd2 Qe5 22. Qh4 Qd4 23. Qg3 Qe5 24. Qh4 f6 25. Bh6 Rf7 26. Rfd1 Qh5 27. Qxh5 gxh5 28.
Be2 Rd7 29. Bxh5 Ne7 30. Be3 Nf5 31. Bf4 Rg7 32. f3 Rc8 33. Bg4 Rc4 34. Bb8 Rgxg4 35. fxg4 Rxg4 36. h3 Ra4 37. Rd3 Nh4 38. R1d2 Rc4 39.
Kh2 Kf7 40. Ba7 h5 41. Be3 Nf5 42. Bf2 Kg6 43. Rd1 Nd6 44. Rd4 Rc2 45. R1d2 Rc6 46. g4 Ne4 47. Re2 hxg4 48. Rexe4 Bxe4 49. Rxe4 gxh3 50. Kxh3 Kf5 51. Re3 e5 52. Kg3 Rc4 53. Rb3 Rg4+ 54. Kf3 Rf4+ 55. Kg3 Rc4 56. Be3 Ke6 57. Bh6 f5 58.
Kf3 f4 59. Kg4 Rc1 60. Kf3 Kf5 61. Ke2 Rh1 62. Bf8 e4 63. Bd6 Rh2+ 64. Kf1 Rd2 65.
Bb8 e3 66. Ke1 Rd4 67. Rb4 Re4 68. Ke2 1-0

[Event "*** Titled Tuesday Blitz"]
[Site "Chess.com"]
[Date "2018.06.05"]
[Round "1"]
[White "asms9699"]
[Black "nitpicker"]
[Result "1-0"]
[WhiteElo "2445"]
[BlackElo "2016"]
[TimeControl "180+2"]
[EndTime "13:10:55 PDT"]
[Termination "asms9699 won by resignation"]

1. c4 e5 2. g3 Nf6 3. Bg2 Nc6 4. Nc3 Bc5 5. Nf3 d6 6. O-O h6 7. d3 a6 8. a3 O-O 9. b4 Ba7 10. Bb2 Bf5 11. Nh4 Bh7 12. Rc1 Rb8 13. e3 Ne7 14. Nf3 c6 15. c5 Qc7 16. cxd6 Qxd6 17. Ne4 Bxe4 18. dxe4 Nxe4 19. Nxe5 Nd2 20. Nf3 Rbd8 21.
Nxd2 Qxd2 22. Qb3 Qd3 23. Qxd3 Rxd3 24. Be4 Rd7 25. a4 Rfd8 26. Kg2 Nd5 27. Bxd5 Rxd5 28.
Bc3 Rd3 29. Kf3 R3d6 30. Ke2 f6 31. e4 Kf7 32. f3 Ke6 33. Rc2 Rd3 34. Bd2 c5 35.
bxc5 Bxc5 36. Rb1 b6 37. Bf4 a5 38. Bd2 Ra3 39. Bxa5 Re3+ 40. Kf1 Rxf3+ 41. Kg2 Re3 42.
Bxb6 Bxb6 43. Rxb6+ Rd6 44. Rxd6+ Kxd6 45. Rc4 Ke5 46. h4 Ra3 47. Kh3 h5 48. Rb4 g5 49. Rb5+ Kxe4 50. hxg5 f5 51. g6 f4 52. Rb4+ Kf5 53. Rxf4+ Kxg6 54. Kh4 Ra1 55. Kh3 Ra3 56. Rb4 Kg5 57. Rb5+ Kg6 58. a5 Kh6 59. Kh4 Ra4+ 60. Kh3 Kg6 61. Kg2 Ra2+ 62. Kf3 Ra3+ 63. Kf4 Ra4+ 64.
Ke5 Ra3 65. Kf4 Ra4+ 66. Kf3 Ra3+ 67. Kg2 Ra2+ 68. Kh3 Ra4 69. Rb6+ Kg5 70. a6 Ra2 71. Rb5+ Kg6 72. Rb6+ Kg5 73. Rd6 Ra4 74. Kg2 Ra2+ 75. Kf3 Ra3+ 76. Ke4 Rxg3 77. Rd5+ Kg4 78. Ra5 Rg1 79.
a7 Re1+ 80. Kd3 Re8 81. a8=Q Rxa8 82. Rxa8 h4 83. Ke2 Kg3 84. Kf1 1-0

[Event "*** Titled Tuesday Blitz"]
[Site "Chess.com"]
[Date "2018.06.05"]
[Round "1"]
[White "Ar4uha"]
[Black "colegiodemadrid"]
[Result "1/2-1/2"]
[WhiteElo "2576"]
[BlackElo "2277"]
[TimeControl "180+2"]
[EndTime "13:11:08 PDT"]
[Termination "Game drawn - insufficient material"]

1. e4 e5 2. Nf3 Nc6 3. d4 exd4 4. Nxd4 Nf6 5. Nxc6 bxc6 6. Bd3 d5 7. O-O dxe4 8. Qe1 Be7 9. Bxe4 Nxe4 10. Qxe4 O-O 11. Qxc6 Rb8 12. Nc3 Bb7 13. Qc4 Bd6 14. Be3 Qf6 15.
Qg4 c5 16. Rad1 Qe5 17. g3 h5 18. Qf4 Qxf4 19. Bxf4 Bxf4 20. gxf4 Bf3 21. Rd3 Bg4 22.
b3 Bf5 23. Rd2 Rfe8 24. Nd5 Kf8 25. f3 c4 26. Kf2 Rbc8 27. Ne3 c3 28. Rd4 Bh3 29. Re1 Rcd8 30. Rxd8 Rxd8 31. f5 h4 32. f4 g6 33. fxg6 fxg6 34. Rd1 Re8 35. Rd3 Rc8 36. Nc4 Bf5 37. Rxc3 Rd8 38. Ke3 Rd1 39. Nd2 Re1+ 40. Kf2 Rc1 41. Nf3 h3 42. Nd4 Bg4 43. Rg3 Bd7 44.
Rxg6 Rd1 45. Nf3 Rc1 46. Rd6 Rxc2+ 47. Rd2 Rc7 48. Ne5 Bf5 49. Ke3 Rc3+ 50. Kd4 Rc1 51. Nc4 Rf1 52. Ke5 Bg4 53. a4 Ke7 54. Ne3 Re1 55. Ke4 Bc8 56. f5 Bxf5+ 57. Kxf5 Rxe3 58. Rb2 a5 59. Kf4 Rc3 60. Kg4 Kd6 61. b4 Rc4+ 62.
Kxh3 axb4 63. Kg3 Kc6 64. h4 Kb6 65. h5 Ka5 66. Ra2 b3 67. Ra1 Rc6 68. Kg4 Kb4 69. Kg5 b2 70. Rb1 Kc3 71. h6 Rc8 72. Kf6 Kc2 73. Rh1 b1=Q 74. Rxb1 Kxb1 75. h7 Kb2 76. Kg7 Kb3 77. a5 Kb4 78. a6 Kb5 79. a7 Kb6 80. h8=Q Rxh8 81. Kxh8 Kxa7 1/2-1/2

[Event "*** Titled Tuesday Blitz"]
[Site "Chess.com"]
[Date "2018.06.05"]
[Round "1"]
[White "Jadeit90"]
[Black "Ravan_02"]
[Result "0-1"]
[WhiteElo "2153"]
[BlackElo "2486"]
[TimeControl "180+2"]
[EndTime "13:11:32 PDT"]
[Termination "Ravan_02 won by resignation"]

1. g3 Nf6 2. Bg2 d5 3. c4 c6 4. Nf3 Bf5 5. O-O e6 6. Nh4 Be4 7. f3 Bg6 8. Nxg6 hxg6 9. cxd5 cxd5 10. d4 Nc6 11. Nc3 Rc8 12. Be3 Be7 13. Bf2 a6 14. e4 b5 15. a3 Na5 16. e5 Nd7 17. f4 Nc4 18. Qe2 Ndb6 19. g4 Na4 20. Nd1 Na5 21.
Ne3 Bh4 22. Bg3 Bxg3 23. hxg3 Nb3 24. Rad1 Qb6 25. f5 gxf5 26. gxf5 Nxd4 27. Qf2 Nxf5 28.
Nxf5 exf5 29. Bxd5 g6 30. b3 Qxf2+ 31. Rxf2 Nc3 32.
Rc2 Ke7 33. Bb7 Rc7 34. Rd3 Rxb7 35. Rdxc3 Rd8 36. Rc6 Rd5 37. e6 fxe6 38. Rxa6 Rd6 39. Ra8 Rd3 40. Ra6 Rxg3+ 41. Kf2 Rxb3 42. Re2 Kf7 43.
Rexe6 Rb2+ 44. Kf3 Re7 45. Rf6+ Ke8 46. Rxg6 Re4 47.
Ra7 Rb3+ 48. Kf2 Rb2+ 49. Kf3 Rb3+ 50. Kf2 Rf4+ 51. Ke2 Re4+ 52. Kf2 Kf8 53. Rh6 Rf4+ 54. Ke2 Re4+ 55. Kf2 Rb2+ 56. Kf3 Rb3+ 57. Kf2 Rb2+ 58. Kf3 Rb3+ 59. Kf2 Re7 60. Rh8+ Kg7 61. Raa8 Rb2+ 62.
Kf3 Kf6 63. Raf8+ Ke5 64. Rh5 Rb3+ 65. Kf2 Ke4 66. Rh4+ Ke5 67. Rh5 Ke4 68. Rh4+ Kd3 69.
Rxf5 Rb2+ 70. Kf3 Re3+ 71. Kg4 Re4+ 72. Kg5 Rxh4 73. Kxh4 Kc3 74. Rf4 Kb3 75. Rf3+ Ka4 76. Kg4 Rb3 77. Rf8 Kxa3 78. Kf4 b4 79. Ke4 Rc3 80.
Kd4 Rc7 81. Ra8+ Kb2 82. Kd3 b3 83. Kd2 Kb1 84. Kd1 b2 85. Ra7 Rxa7 0-1

[Event "*** Titled Tuesday Blitz"]
[Site "Chess.com"]
[Date "2018.06.05"]
[Round "1"]
[White "Siemba"]
[Black "djano"]
[Result "1/2-1/2"]
[WhiteElo "2032"]
[BlackElo "2428"]
[TimeControl "180+2"]
[EndTime "13:12:25 PDT"]
[Termination "Game drawn by repetition"]

1. e4 c5 2. Nf3 d6 3. d4 cxd4 4. Nxd4 Nf6 5. Nc3 a6 6. Be3 Ng4 7. Bc1 Nf6 8. f3 e5 9. Nb3 Be6 10. Be3 Be7 11. Qd2 Nbd7 12. g4 O-O 13. O-O-O Nb6 14.
h4 Rc8 15. h5 Nc4 16. Bxc4 Rxc4 17. g5 Nd7 18. g6 b5 19. h6 fxg6 20. hxg7 Rxf3 21.
Nd5 Nf6 22. Bb6 Qd7 23. Nxf6+ Bxf6 24. Qxd6 Qxd6 25. Rxd6 Bf7 26. Nd2 Bg5 27. Rd8+ Bxd8 28. Bxd8 Rf2 29. Nxc4 bxc4 30. Bc7 Kxg7 31. Bxe5+ Kg8 32.
Bd4 Rf4 33. Re1 Be6 34. Be5 Rg4 35. Kd2 h5 36. Kc3 h4 37. Kd4 h3 38. Rh1 Rg2 39. Kc5 Rxc2 40. Kd6 Bg4 41. Ke7 Re2 42.
Kf6 Rxe4 43. Rg1 Bf5 44. Rd1 Kh7 45. Rd8 Rxe5 46. Kxe5 Bg4 47. Rd2 Bf3 48. Kf4 Bg2 49.
Kg3 Be4 50. Kxh3 Bd3 51. Kg4 Kg7 52. Kg5 Kf7 53. b3 Ke6 54. bxc4 Bxc4 55. Kxg6 Ke5 56. Kg5 Ke4 57. Kf6 Ke3 58. Rh2 Kd3 59. Ke5 Kc3 60. Kd6 Kb4 61. Kc6 Ka3 62. Kb6 Bxa2 63. Kxa6 Bc4+ 64.
Ka5 Bb3 65. Rh3 Kb2 66. Kb4 Bc2 67. Rh2 Kb1 68. Kc3 Be4 69. Re2 Bg6 70. Kb4 Ka1 71. Rf2 Bd3 72. Kc3 Bg6 73. Kb3 Bb1 74. Rg2 Be4 75. Rg1+ Bb1 76. Rg5 Bd3 77. Kc3 Be4 78.
Re5 Bg6 79. Kd2 Bh7 80. Kc1 Bg8 81. Ra5+ Ba2 82. Rb5 Bc4 83. Rb4 Ba2 84. Kc2 Be6 85. Ra4+ Ba2 86. Kc3 Kb1 87. Rb4+ Ka1 88. Rb2 Be6 89.
Rd2 Bf5 90. Rd1+ Ka2 91. Rc1 Bg6 92. Rd1 Bf5 93. Rc1 Bg6 94. Rd1 Bf5 95. Rc1 Bg6 1/2-1/2

[Event "*** Titled Tuesday Blitz"]
[Site "Chess.com"]
[Date "2018.06.05"]
[Round "1"]
[White "Hrant_ChessMood"]
[Black "Supernotar"]
[Result "1-0"]
[WhiteElo "2935"]
[BlackElo "2425"]
[TimeControl "180+2"]
[EndTime "13:12:43 PDT"]
[Termination "Hrant_ChessMood won by checkmate"]

1. d4 d5 2. c4 dxc4 3. e3 Nf6 4.
Bxc4 e6 5. Nf3 a6 6. O-O b5 7. Be2 Bb7 8. a4 b4 9. Nbd2 c5 10. Nc4 Nbd7 11. b3 Qc7 12. Bb2 Be7 13. Rc1 O-O 14. Nce5 Rac8 15. Bd3 Qb8 16. Qe2 a5 17. Rfd1 h6 18. h3 Rfd8 19. Bc4 Bd5 20. Bxd5 Nxd5 21. Nxd7 Rxd7 22. Ne5 Rdc7 23. Nc4 cxd4 24.
Bxd4 Bf6 25. Bxf6 Nxf6 26. e4 Rc5 27. Rd3 Nd5 28. exd5 exd5 29. Rd4 dxc4 30. Rdxc4 Rxc4 31. Rxc4 Rxc4 32. Qxc4 Qd8 33. g3 g6 34. Kg2 Qa8+ 35. Kg1 Qf3 36. Qc8+ Kg7 37. Qc2 h5 38. h4 Qc3 39.
Qd1 Kg8 40. Kf1 Kg7 41. Ke2 Qe5+ 42. Kf1 Qc3 43. Qd5 Qc1+ 44. Ke2 Qc2+ 45. Ke3 Qc3+ 46.
Qd3 Qc1+ 47. Ke4 Qc7 48. Qd4+ Kg8 49. Qd5 Qc2+ 50. Ke3 Qc3+ 51. Qd3 Qc1+ 52. Kd4 Qc7 53. Qe3 Qc6 54. f4 Qb6+ 55. Kd3 Qc6 56. Qd4 Qf3+ 57.
Qe3 Qd5+ 58. Ke2 Qg2+ 59. Kd1 Qd5+ 60. Kc2 Qg2+ 61. Kc1 Qf1+ 62. Kd2 Qg2+ 63. Ke1 Qc6 64. Qd3 Qc5 65. Ke2 Kh7 66. Qc4 Qe7+ 67. Kd3 Kg8 68. Qd5 Qc7 69. Ke4 Qe7+ 70. Qe5 Qb7+ 71. Kd4 Qd7+ 72.
Kc5 Qb7 73. Qd5 Qb8 74. Kc4 Qb6 75. Qc5 Qa6+ 76. Qb5 Qe6+ 77. Qd5 Qc8+ 78. Kb5 Qc7 79. Qe5 Qa7 80. Qe8+ Kg7 81. Qe5+ Kg8 82. Qd5 Qc7 83. Ka6 Kh7 84. Kb5 Qa7 85. Qc5 Qa8 86. Qc7 Kg7 87. Kb6 Qd5 88. Qe5+ Qxe5 89. fxe5 g5 90. Kxa5 Kg6 91.
Kxb4 Kf5 92. a5 gxh4 93. gxh4 Kg4 94. a6 Kxh4 95. a7 Kg3 96. a8=Q h4 97. Qg8+ Kh2 98.
Qxf7 h3 99. e6 Kh1 100. e7 h2 101. e8=Q Kg1 102.
Qeg8+ Kh1 103. Qf3# 1-0

[Event "*** Titled Tuesday Blitz"]
[Site "Chess.com"]
[Date "2018.06.05"]
[Round "1"]
[White "WPWPWP-2015"]
[Black "djamir"]
[Result "1/2-1/2"]
[WhiteElo "2327"]
[BlackElo "2588"]
[TimeControl "180+2"]
[EndTime "13:14:24 PDT"]
[Termination "Game drawn by agreement"]

1. e4 Nf6 2. e5 Nd5 3. Nc3 Nxc3 4.
dxc3 d6 5. exd6 exd6 6. Be3 Be7 7. Qd2 O-O 8. O-O-O c6 9. h4 Qa5 10. Kb1 Be6 11. b3 Bf6 12. Bd4 Nd7 13. Nf3 Rfd8 14. h5 Ne5 15. h6 g6 16. Qf4 Bh8 17. Be2 Re8 18. Ng5 c5 19. Nxe6 Rxe6 20. Be3 Qxc3 21.
Bd2 Nd3 22. Bxc3 Nxf4 23. Bxh8 Nxe2 24. Bb2 f5 25. g3 Kf7 26. Rd2 f4 27. Rhd1 fxg3 28.
fxg3 Nxg3 29. Rxd6 Rxd6 30. Rxd6 Re8 31. a4 Nf5 32.
Rd5 b6 33. Bc1 Ke6 34. Rd1 Re7 35. Re1+ Kd7 36. Rd1+ Kc6 37. Bb2 Nxh6 38. Bf6 Rd7 39. Re1 Ng4 40. Bg5 h6 41. Bf4 g5 42. Bg3 Rf7 43.
Re6+ Kd5 44. Re1 h5 45. c4+ Kc6 46. Rg1 Rf3 47. Kb2 Ne3 48. Be1 g4 49. Rh1 Rf5 50.
Bd2 Nf1 51. Bc3 g3 52. Be1 Rg5 53. Rxf1 g2 54. Rg1 Rg4 55. Kc3 Kd6 56. Kd3 h4 57. Bxh4 Rxh4 58. Rxg2 Rh3+ 59. Kc2 Kc7 60. Rd2 Kb7 61. Kb2 Ka6 62. Ka3 Rf3 63. Rd1 Kb7 64. Re1 Rf7 65. Rh1 Rd7 66. a5 Ka6 67. axb6 axb6 68. Rh8 Ra7 69. Rh6 Ka5 70. Rh8 Ka6 71.
Rh5 Kb7+ 72. Kb2 Ra8 73. Rh7+ Ka6 74. Rh5 Ka5 75. Ka3 Ka6 76. Rh7 b5 77. cxb5+ Kxb5+ 78. Kb2 Rf8 79. Rb7+ Kc6 80. Rh7 Rf3 81. Rh8 Kd5 82.
Rd8+ Kc6 83. Rh8 Kb6 84. Rb8+ Ka7 85. Rh8 Ka6 86. Ra8+ Kb7 87. Rh8 Rg3 88. Rf8 Kc6 89. Rc8+ Kb5 90. Rb8+ Ka6 91. Ra8+ Kb7 92. Rh8 Rd3 93.
Rh6 Kc7 94. Kc2 Rd6 95. Rh5 Kc6 96. Rh8 Kd5 97. Kc3 Rg6 98. Rd8+ Kc6 99. Rc8+ Kb5 100. Rb8+ Rb6 101. Rh8 Rg6 102. Rb8+ Kc6 103. Rc8+ Kd5 104. Rd8+ Kc6 105. Rc8+ Kb5 106. Rb8+ Rb6 107. Rh8 Rb7 108. Rg8 Rf7 109. Rb8+ Kc6 110. Rc8+ Kb6 111. Rb8+ Rb7 112. Rh8 Rg7 113. Rb8+ Kc7 114. Ra8 Kb7 115. Rh8 Kc6 116. Rc8+ Kd5 117. Rd8+ Kc6 118. Rc8+ Kd5 119. Rd8+ Kc6 1/2-1/2

[Event "*** Titled Tuesday Blitz"]
[Site "Chess.com"]
[Date "2018.06.05"]
[Round "1"]
[White "ToivoK3"]
[Black "Maitreia"]
[Result "0-1"]
[WhiteElo "2249"]
[BlackElo "2564"]
[TimeControl "180+2"]
[EndTime "13:16:03 PDT"]
[Termination "Maitreia won by resignation"]

1. e4 c5 2. Nf3 g6 3. d4 cxd4 4.
Qxd4 Nf6 5. Nc3 Nc6 6. Qa4 d6 7.
e5 dxe5 8. Nxe5 Bg7 9. Nxc6 bxc6 10. Be2 O-O 11. O-O Nd5 12. Qxc6 Nxc3 13. bxc3 Bd7 14. Qf3 Rc8 15. Rd1 Rxc3 16. Qd5 Rxc2 17. Bd3 Be6 18.
Qxd8 Rxd8 19. Bxc2 Rxd1+ 20. Bxd1 Bxa1 21. Bb3 Bxb3 22. axb3 Kf8 23. Kf1 Ke8 24. Ke2 Kd7 25. Kd3 Kc6 26. Kc4 h5 27. h3 a6 28. Ba3 e6 29. Bb4 Be5 30. Bd2 Bd6 31. Be3 Bc7 32. Bd2 e5 33. f3 f5 34. Bc3 Bd6 35. Bb2 g5 36. g4 e4 37. gxh5 exf3 38. Kd3 g4 39.
hxg4 fxg4 40. h6 g3 41. h7 g2 42. h8=Q g1=Q 43. Qa8+ Kd7 44. Qb7+ Ke6 45. Qe4+ Kd7 46.
Qf5+ Kc7 47. Qf7+ Kc8 48. Qe8+ Kc7 49. Qf7+ Kc8 50. Qe8+ Kc7 51. Qf7+ Kb8 52. Qe8+ Kb7 53. Qd7+ Bc7 54. Qd5+ Kb8 55. Qxf3 Qb1+ 56. Kc4 Qxb2 57. Qf8+ Kb7 58. Qf3+ Kc8 59. Qf5+ Kb8 60. Qf8+ Ka7 61. Qc5+ Kb7 62. Qd5+ Kb8 63. Qg8+ Ka7 64. Qg1+ Ka8 65. Qh1+ Kb8 66. Qd1 Qh8 67. b4 Qg8+ 68. Kc3 Qc8 69. Kb3 Qb7 70. Qd3 a5 71. b5 Ka7 72. Ka4 Bb6 73. Qc4 Qc7 74. Qe4 Kb8 75. Qe8+ Ka7 76. Qe4 Qd7 77. Qc4 Qd1+ 78. Ka3 Qa1+ 79. Kb3 Qb1+ 80.
Ka3 Qa1+ 81. Kb3 Qg7 82. Ka4 Qf6 83. Kb3 Qd4 84. Qf7+ Kb8 85. Qg8+ Kc7 86. Qf7+ Qd7 87. Qf4+ Kb7 88. Qe4+ Ka7 89. Qe5 Qc7 90. Qd5 Qc5 91. Qf7+ Bc7 92. Qe8 Qb4+ 93. Ka2 Qc4+ 94. Kb2 Kb6 95.
Qg6+ Kxb5 96. Qe8+ Kb6 97. Qg6+ Qc6 98. Qg1+ Qc5 99.
Qg6+ Kb7 100. Qg2+ Ka6 101. Qg8 Qb4+ 102. Ka2 Qa4+ 103. Kb1 Kb6 104. Qe6+ Qc6 105. Qg8 Bd6 106. Ka2 Qa4+ 107. Kb2 Qa3+ 108. Kc2 Qb4 109. Qe8 Kc5 110. Qe3+ Qd4 111. Qe8 Qc4+ 112. Kb1 Qb4+ 113. Kc2 a4 114. Qc8+ Kd5 115. Qf5+ Be5 116. Qd7+ Ke4 117. Qc6+ Kd4 118. Qd7+ Kc5 119. Qa7+ Kd6 120. Qa6+ Kd5 121. Qa8+ Ke6 122. Qe8+ Kf5 123. Qf7+ Ke4 124. Qg6+ Kd4 125. Qg4+ Kc5 126. Qc8+ Kb6 127. Qd8+ Bc7 128. Qf6+ Kb5 129. Qh8 Qb3+ 130. Kd2 Ba5+ 131. Ke2 Qc2+ 132. Kf1 Qd1+ 133. Kf2 Qd2+ 134. Kf3 Qc3+ 135. Qxc3 Bxc3 136. Ke2 Kc4 137. Kd1 Kb3 138. Kc1 a3 139. Kb1 0-1

[Event "*** Titled Tuesday Blitz"]
[Site "Chess.com"]
[Date "2018.06.05"]
[Round "2"]
[White "JosefineHeinemann"]
[Black "ViktorMatviishen"]
[Result "0-1"]
[WhiteElo "2307"]
[BlackElo "2472"]
[TimeControl "180+2"]
[EndTime "13:19:18 PDT"]
[Termination "ViktorMatviishen won by resignation"]

1. e4 c5 2. Nf3 d6 3. d4 cxd4 4. Nxd4 Nf6 5. Nc3 a6 6. Be3 e5 7.
Nb3 Be6 8. f3 Nbd7 9. Qd2 Be7 10. O-O-O Rc8 11. g4 b5 12. g5 b4 13. Ne2 Nh5 14. Ng3 Nf4 15. h4 Qc7 16. Kb1 a5 17.
Nf5 Bxf5 18. exf5 a4 19. Nc1 d5 20. Bb5 O-O 21. Rhg1 Bc5 22. Bxf4 Bxg1 23. Bxe5 Nxe5 24. Rxg1 Nxf3 25. Qg2 Nxg1 26. Bd3 a3 27. Qxg1 axb2 28. Nb3 Rfe8 29. f6 Qc3 0-1

[Event "*** Titled Tuesday Blitz"]
[Site "Chess.com"]
[Date "2018.06.05"]
[Round "2"]
[White "rezacz"]
[Black "fyall777"]
[Result "0-1"]
[WhiteElo "2411"]
[BlackElo "2305"]
[TimeControl "180+2"]
[EndTime "13:19:50 PDT"]
[Termination "fyall777 won by resignation"]

1. d4 Nf6 2. Bg5 e6 3. e3 d5 4. Nf3 c5 5. c3 Nc6 6. Bd3 h6 7. Bh4 Qb6 8. Qe2 c4 9. Bc2 Qxb2 10. O-O Qxa1 11. Bxf6 gxf6 12. Ba4 Bd7 13. Qc2 b5 14. Nbd2 Qxf1+ 15. Kxf1 bxa4 16. e4 a3 17. Kg1 Rb8 0-1

[Event "*** Titled Tuesday Blitz"]
[Site "Chess.com"]
[Date "2018.06.05"]
[Round "2"]
[White "Zaven_ChessMood"]
[Black "The_Unbeatable_One"]
[Result "1-0"]
[WhiteElo "2854"]
[BlackElo "2504"]
[TimeControl "180+2"]
[EndTime "13:20:12 PDT"]
[Termination "Zaven_ChessMood won by resignation"]

1. e4 e5 2. Nf3 Nc6 3. Bc4 Bc5 4. c3 Nf6 5. d3 d6 6. Nbd2 O-O 7. O-O a6 8. Bb3 Ba7 9. h3 Ne7 10. Nh4 Ng6 11.
Nxg6 hxg6 12. Nf3 Nh7 13. d4 Qe7 14. Re1 Bd7 15. Be3 Kh8 16. dxe5 dxe5 17. Bxa7 Rxa7 18. Nxe5 Bxh3 19. Nxf7+ Rxf7 20. Bxf7 Qxf7 21. Qd8+ Nf8 22. Qh4+ Kg8 23. Qxh3 1-0

[Event "*** Titled Tuesday Blitz"]
[Site "Chess.com"]
[Date "2018.06.05"]
[Round "2"]
[White "Abund"]
[Black "sere99"]
[Result "1-0"]
[WhiteElo "2513"]
[BlackElo "2260"]
[TimeControl "180+2"]
[EndTime "13:20:20 PDT"]
[Termination "Abund won by resignation"]

1. Nf3 d5 2. d4 Nf6 3. c4 c6 4. e3 e6 5. Nbd2 Bd6 6. Bd3 O-O 7. b3 b6 8. Bb2 Bb7 9. O-O Nbd7 10. e4 dxe4 11.
Nxe4 Nxe4 12. Bxe4 f5 13. Bc2 c5 14. Re1 Qe7 15. d5 e5 16. Nxe5 Bxe5 17. f4 Bd4+ 18. Bxd4 Qd6 19. Be5 Qg6 20. Re3 Nf6 21. Rg3 Qf7 22.
Bxf5 b5 23. Be6 1-0

[Event "*** Titled Tuesday Blitz"]
[Site "Chess.com"]
[Date "2018.06.05"]
[Round "2"]
[White "jeetjain"]
[Black "Kimster98"]
[Result "0-1"]
[WhiteElo "2304"]
[BlackElo "2562"]
[TimeControl "180+2"]
[EndTime "13:20:27 PDT"]
[Termination "Kimster98 won by resignation"]

1. e4 c5 2. Nf3 Nc6 3. Nc3 g6 4.
d4 cxd4 5. Nxd4 Bg7 6. Nb3 Nf6 7.
Be2 O-O 8. O-O d6 9. Bg5 a6 10. Kh1 b5 11. a3 Bb7 12. f4 Na5 13. Bf3 Nc4 14. Rb1 Rc8 15. Qe2 Nxa3 16. bxa3 Rxc3 17. Rbd1 Qc7 18. Rd2 Rc8 19. Rc1 Rxb3 20. cxb3 Qxc1+ 21. Rd1 Qc2 22. Qxc2 Rxc2 23. Re1 Bxe4 24. Bxe4 Nxe4 25. Bxe7 d5 26. h4 h5 27. Kh2 Bf6 28. Bxf6 Nxf6 29.
Re7 d4 30. Ra7 d3 31. Rxa6 d2 32. Rd6 Ng4+ 33. Kg3 Ne3 34. Rd8+ Kg7 0-1

[Event "*** Titled Tuesday Blitz"]
[Site "Chess.com"]
[Date "2018.06.05"]
[Round "2"]
[White "alpasya2009"]
[Black "dcremisi"]
[Result "1-0"]
[WhiteElo "2411"]
[BlackElo "2280"]
[TimeControl "180+2"]
[EndTime "13:20:55 PDT"]
[Termination "alpasya2009 won by resignation"]

1. d4 d5 2. Bf4 Nf6 3. e3 g6 4.
Nc3 Bg7 5. h4 O-O 6. Be2 c6 7.
h5 Bf5 8. hxg6 hxg6 9. Nf3 Qb6 10. Na4 Qa5+ 11. c3 Nbd7 12. Ne5 Nxe5 13. Bxe5 Nd7 14. Bxg7 Kxg7 15. g4 Be6 16. b4 Qc7 17. Nc5 Nxc5 18. dxc5 Rh8 19. Qd4+ f6 20. O-O-O Qe5 21. f4 Qxd4 22. exd4 g5 23. f5 Bf7 24. Bf3 Rxh1 25.
Rxh1 Re8 26. Kd2 e5 27. fxe6 Bxe6 28. a4 Rh8 29. Rxh8 Kxh8 30. b5 Kg7 31. b6 a5 32.
c4 Kf7 33. cxd5 cxd5 34. c6 1-0

[Event "*** Titled Tuesday Blitz"]
[Site "Chess.com"]
[Date "2018.06.05"]
[Round "2"]
[White "maximlavrov"]
[Black "Flawless2018"]
[Result "1-0"]
[WhiteElo "2450"]
[BlackElo "2482"]
[TimeControl "180+2"]
[EndTime "13:21:05 PDT"]
[Termination "maximlavrov won by resignation"]

1. g3 d5 2. Nf3 Nf6 3. Bg2 e6 4. O-O b6 5. c4 Bb7 6. cxd5 exd5 7. d4 Bd6 8. Nc3 O-O 9. Nb5 Be7 10. Bf4 Na6 11. Rc1 c6 12. Nc3 Bd6 13. Ne5 h6 14. e4 Nxe4 15. Nxe4 dxe4 16. Bxe4 Bxe5 17. Bxe5 Re8 18.
Qg4 f6 19. Qf5 fxe5 20. Qh7+ Kf8 21. Rc3 Qg5 22. f4 Qg4 23. Bf5 Qh5 24. fxe5 Ke7 25. Bg6 Qg4 26. Qxg7+ Kd8 27. Qf6+ Kc7 28. Qd6+ Kc8 29.
Bxe8 Nc7 30. Bxc6 Kb8 31. Bxb7 Qxd4+ 32. Qxd4 1-0

[Event "*** Titled Tuesday Blitz"]
[Site "Chess.com"]
[Date "2018.06.05"]
[Round "2"]
[White "Karina_Oparina"]
[Black "Eliwood44"]
[Result "1-0"]
[WhiteElo "2191"]
[BlackElo "2169"]
[TimeControl "180+2"]
[EndTime "13:21:06 PDT"]
[Termination "Karina_Oparina won by resignation"]

1. d4 Nf6 2. Nf3 e6 3. g3 d5 4. Bg2 b5 5. O-O Be7 6. a4 b4 7.
c4 O-O 8. c5 a5 9. b3 Ba6 10.
Bb2 Ne4 11. Nbd2 f5 12. Ne5 Bf6 13. f3 Nxd2 14. Qxd2 Bxe5 15. dxe5 c6 16. Rfe1 Nd7 17. Bd4 Qe7 18. Rac1 Rf7 19. e4 fxe4 20. fxe4 Raf8 21. exd5 cxd5 22. c6 Nb8 23. Bc5 Qc7 24. Bxf8 Rxf8 25. Bf1 Bxf1 26. Rxf1 Rxf1+ 27. Kxf1 h6 28. Kg2 Na6 29.
Qd4 Nb8 30. Rc2 Kh8 31. Qc5 Na6 32. Qd6 1-0

[Event "*** Titled Tuesday Blitz"]
[Site "Chess.com"]
[Date "2018.06.05"]
[Round "2"]
[White "Tash_Boy"]
[Black "gammagramma"]
[Result "1-0"]
[WhiteElo "2707"]
[BlackElo "2510"]
[TimeControl "180+2"]
[EndTime "13:21:13 PDT"]
[Termination "Tash_Boy won by resignation"]

1. e4 e6 2. d4 d5 3. Nc3 Nf6 4. e5 Nfd7 5. f4 c5 6. Nf3 Nc6 7. Be3 cxd4 8. Nxd4 Bc5 9. Qd2 Bxd4 10. Bxd4 Nxd4 11.
Qxd4 Qb6 12. Nb5 Qxd4 13. Nxd4 Ke7 14. Bd3 a6 15. Kd2 Nb8 16. c3 Nc6 17. Ke3 Bd7 18. Nxc6+ bxc6 19. Kd4 a5 20. a4 Rhc8 21. Kc5 Ra7 22. b4 Rca8 23. b5 cxb5 24. axb5 a4 25. Ra3 Ra5 26. Kb6 Kd8 27. Rb1 R5a7 28. c4 dxc4 29. Be4 c3 30. Bxa8 Rxa8 31. Rxc3 a3 32. Kb7 a2 33. Ra1 Ra5 34. b6 Bb5 35. Rc2 Ba6+ 36.
Kb8 Rb5 37. Rd2+ Ke7 38. Raxa2 Rxb6+ 39. Ka7 1-0